Kradschützen Motorcycle Team
Kradschützen Motorcycle Team
Selects Armored Support Battlegroup
Selects Armored Support Battlegroup
Selects Armored Support Battlegroup
Construct Light Support Kompanie
Selects Superior Fire Drills
Construct Mechanized Kompanie
Panzerjäger Mechanized Group
Selects Flammpanzer III Medium Tank
254 Reconnaissance Tractor
Marder III Tank Destroyer
Selects Command Panzer IV F Medium Tank
Construct Panzerarmee Kommand
Walking Stuka Rocket Launcher
254 Reconnaissance Tractor